 Dungeon Crawl Stone Soup version 0.31.0-32-g396128a36d (webtiles) character file.

Game seed: 1437437435061240433

137 monsoonserge the Ruffian (level 5, -4/38 (41) HPs)
             Began as a Gnoll Shapeshifter on Apr 3, 2024.
             Slain by a wight
             ... wielding a +4 war axe
              (11 damage)
             ... on level 4 of the Dungeon.
             The game lasted 00:04:35 (1876 turns).

monsoonserge the Ruffian (Gnoll Shapeshifter)       Turns: 1876, Time: 00:04:36

HP:   -4/38 (41)    AC:  5    Str: 15    XL:     5   Next: 20%
MP:   7/7           EV: 12    Int:  9    God:
Gold: 161           SH:  0    Dex: 12    Spells: 6/6 levels left

rFire   . .          .
                       - Unarmed
rCold   . . .        (no shield)
rNeg    . . .        i - +0 ring mail
rPois   .            (helmet currently unavailable)
rElec   .            (cloak currently unavailable)
rCorr   .            (gloves currently unavailable)
SInv    .            (boots currently unavailable)
Will    .....        (no amulet)
Stlth   +            (no ring)
HPRegen 0.26/turn    (no ring)
MPRegen 0.10/turn

%: no passive effects
@: beast-form, drained
A: beast (slay +3), fangs 1, strong nose, distributed training
a: Begin Untransformation


You were on level 4 of the Dungeon.
You were a hulking beast.
You visited 1 branch of the dungeon, and saw 4 of its levels.

You collected 161 gold pieces.

Inventory:

Missiles
 g - 12 poisoned darts (quivered)
Armour
 a - a +0 animal skin
 i - a +0 ring mail (worn)
Magical Staves
 k - a staff of alchemy
Jewellery
 q - a ring of positive energy
Talismans
 c - a beast talisman
 d - a flux talisman
 n - a serpent talisman
Scrolls
 f - a scroll of fear {unknown}
 j - a scroll of identify {unknown}
 l - a scroll of poison {unknown}
 o - a scroll of silence {unknown}
 r - a scroll of enchant armour {unknown}
 t - a scroll of teleportation {unknown}
 v - 2 scrolls of summoning {unknown}
Potions
 b - 2 potions of lignification
 e - 2 potions of haste {unknown}
 h - 4 potions of curing {unknown}
 m - a potion of heal wounds {unknown}
 p - a potion of brilliance {unknown}
 s - a potion of resistance {unknown}
 u - a potion of might {unknown}


   Skills:
 + Level 3.0 Fighting
 + Level 1.4 Short Blades
 + Level 1.4 Long Blades
 + Level 1.4 Axes
 + Level 1.4 Maces & Flails
 + Level 1.4 Polearms
 + Level 1.4 Staves
 + Level 1.4 Ranged Weapons
 + Level 1.4 Throwing
 + Level 1.4 Armour
 + Level 4.8 Dodging
 + Level 1.4 Stealth
 + Level 1.4 Shields
 + Level 6.7 Unarmed Combat
 + Level 1.4 Spellcasting
 + Level 1.1 Conjurations
 + Level 1.1 Hexes
 + Level 1.1 Summonings
 + Level 1.1 Necromancy
 + Level 1.1 Translocations
 + Level 1.1 Fire Magic
 + Level 1.1 Ice Magic
 + Level 1.1 Air Magic
 + Level 1.1 Earth Magic
 + Level 1.1 Alchemy
 + Level 1.6 Invocations
 + Level 1.4 Evocations
 + Level 6.6 Shapeshifting


You had 6 spell levels left.
You didn't know any spells.
Your spell library contained the following spells:

 Spells                   Type           Power      Damage    Failure   Level
 Apportation              Tloc           4%         N/A       38%         1
 Necrotise                Necr           8%         1d4       38%         1
 Sting                    Conj/Alch      8%         1d3       38%         1
 Summon Small Mammal      Summ           8%         N/A       38%         1
 Hailstorm                Conj/Ice       2%         3d5       77%         3
 Summon Ice Beast         Ice/Summ       2%         N/A       77%         3
 Sculpt Simulacrum        Ice/Alch       1%         N/A       100%        6


Dungeon Overview and Level Annotations

Branches:
Dungeon (4/15)
 Temple: D:4-7

Altars:


Innate Abilities, Weirdness & Mutations

You are a hulking beast.
Your limbs bulge with bestial killing power. (Slay +3)
You have very sharp teeth.
Your uncanny sense of smell can sniff out nearby items.
Your experience applies equally to all skills.


Message History

v - a scroll labelled QYCVOM HIPODO You see here a +0 club.
Done exploring.
Done exploring.
There is a stone staircase leading down here.
You climb downwards.
Found 38 gold pieces and a scroll labelled QYCVOM HIPODO.
There is a stone staircase leading up here.
The ball python barely misses you. The ball python grabs you.
The ball python constricts you.
You closely miss the ball python. You bite the ball python.
You kill the ball python!
You now have 133 gold pieces (gained 10).
v - 2 scrolls labelled QYCVOM HIPODO (gained 1)
You now have 148 gold pieces (gained 15).
You now have 161 gold pieces (gained 13).
A wight comes into view. It is wielding a +4 war axe.
Found a stone staircase leading down.
The wight closely misses you.
You hit the wight. Your punch misses the wight.
The wight is moderately damaged.
The wight hits you with a +4 war axe.
You feel drained.
You hit the wight but do no damage. You punch the wight.
Your bite misses the wight.
The wight is heavily damaged.
The wight misses you.
You hit the wight but do no damage.
The wight is heavily damaged.
The wight hits you with a +4 war axe!
You feel drained.
You closely miss the wight. Your bite misses the wight.
The wight is heavily damaged.
The wight hits you with a +4 war axe!!
* * * LOW HITPOINT WARNING * * *
You hit the wight but do no damage.
The wight is heavily damaged.
The wight barely misses you.
Unknown command.
You hit the wight.
The wight is severely damaged.
The wight hits you with a +4 war axe!
You die...

..# #.. . #.. ..
#.## ..# >.. ∆...#
#.##..#..
############......#
#...........hz#
#............##
#..<.....#####
#........#
#........#
#........#
#........#
#........#
#........#


You could see a wight.

Vanquished Creatures
  A jelly (D:2)
  An orc priest (D:3)
  A gnoll (D:1)
  A dart slug (D:1)
  2 ribbon worms
  4 orcs (D:3)
  3 endoplasms
  3 giant cockroaches
  2 goblins (D:1)
  7 hobgoblins
  6 jackals
  A quokka (D:1)
  5 ball pythons
  9 bats
  5 kobolds
  8 rats
59 creatures vanquished.

Notes
Turn   | Place    | Note
-------+----------+-------------------------------------------
     0 | D:1      | monsoonserge the Gnoll Shapeshifter began the quest for the
                  | Orb.
     0 | D:1      | Reached XP level 1. HP: 17/17 MP: 1/1
   135 | D:1      | Reached XP level 2. HP: 23/23 MP: 2/2
   277 | D:1      | Reached XP level 3. HP: 27/28 MP: 3/3
   596 | D:2      | Reached skill level 1 in Invocations
   629 | D:2      | Reached skill level 1 in Short Blades
   629 | D:2      | Reached skill level 1 in Long Blades
   629 | D:2      | Reached skill level 1 in Axes
   629 | D:2      | Reached skill level 1 in Maces & Flails
   629 | D:2      | Reached skill level 1 in Polearms
   629 | D:2      | Reached skill level 1 in Staves
   629 | D:2      | Reached skill level 1 in Ranged Weapons
   629 | D:2      | Reached skill level 1 in Throwing
   629 | D:2      | Reached skill level 1 in Armour
   629 | D:2      | Reached skill level 1 in Stealth
   629 | D:2      | Reached skill level 1 in Shields
   629 | D:2      | Reached skill level 1 in Spellcasting
   629 | D:2      | Reached skill level 1 in Evocations
   629 | D:2      | Reached XP level 4. HP: 30/34 MP: 5/5
   993 | D:2      | Reached skill level 1 in Conjurations
   993 | D:2      | Reached skill level 1 in Hexes
   993 | D:2      | Reached skill level 1 in Summonings
   993 | D:2      | Reached skill level 1 in Necromancy
   993 | D:2      | Reached skill level 1 in Translocations
   993 | D:2      | Reached skill level 1 in Fire Magic
   993 | D:2      | Reached skill level 1 in Ice Magic
   993 | D:2      | Reached skill level 1 in Air Magic
   993 | D:2      | Reached skill level 1 in Earth Magic
   993 | D:2      | Reached skill level 1 in Alchemy
  1332 | D:3      | Reached XP level 5. HP: 25/40 MP: 5/7
  1876 | D:4      | Slain by a wight

Illustrated notes

Levels and vault maps discovered:
D:1:      saegor_arrival_under_anarchy, layout_basic, minmay_pentomino_t4
D:2:      layout_basic, serial_corexii_hall, corexii_hall_statues_i,
          corexii_hall_statues_l
D:3:      layout_rooms
D:4:      layout_rooms, minmay_temple_entry_butterflies, minmay_manual_mail

Skill      XL: |  1  2  3  4  5 |
---------------+----------------+-----
Invocations    | 1 |  1.6
Short Blades   | 1 |  1.4
Long Blades    | 1 |  1.4
Axes           | 1 |  1.4
Maces & Flails | 1 |  1.4
Polearms       | 1 |  1.4
Staves         | 1 |  1.4
Ranged Weapons | 1 |  1.4
Throwing       | 1 |  1.4
Armour         | 1 |  1.4
Stealth        | 1 |  1.4
Shields        | 1 |  1.4
Spellcasting   | 1 |  1.4
Evocations     | 1 |  1.4
Conjurations   | 1 |  1.1
Hexes          | 1 |  1.1
Summonings     | 1 |  1.1
Necromancy     | 1 |  1.1
Translocations | 1 |  1.1
Fire Magic     | 1 |  1.1
Ice Magic      | 1 |  1.1
Air Magic      | 1 |  1.1
Earth Magic    | 1 |  1.1
Alchemy        | 1 |  1.1
Fighting       | 3 |  3.0
Dodging        | |  4.8
Unarmed Combat | |  6.7
Shapeshifting  | |  6.6

Action                     |  1- 3 |  4- 6 || total
---------------------------+-------+-------++-------
  Melee: Unarmed           |    39 |    70 ||   109
         Bite              |     1 |     5 ||     6
         Punch             |     1 |     2 ||     3
  Throw: Dart              |     1 |       ||     1
   Stab: Sleeping          |     1 |       ||     1
 Armour: Animal skin       |     9 |       ||     9
         Ring mail         |    10 |    29 ||    39
  Dodge: Dodged            |    23 |    48 ||    71
